 Dungeon Crawl Stone Soup version 0.23-a0-143-g1adec7bb76 (webtiles) character file.

3758 RKaid the Arsonist (level 10, -4/66 HPs)
             Began as an Octopode Fire Elementalist on Sept 2, 2018.
             Was a Priest of Nemelex Xobeh.
             Slain by a bullfrog (5 damage)
             ... on level 9 of the Dungeon.
             The game lasted 00:32:01 (12012 turns).

RKaid the Arsonist (Octopode Fire Elementalist)    Turns: 12012, Time: 00:32:02

Health: -4/66      AC:  1    Str:  8    XL:     10   Next: 15%
Magic:  9/17       EV: 18    Int: 20    God:    Nemelex Xobeh [***...]
Gold:   375        SH:  0    Dex: 13    Spells: 4/19 levels left

rFire    . . .     SeeInvis .   (no weapon)
rCold    . . .     Gourm    .   (no shield)
rNeg     . . .     Faith    .   (helmet restricted)
rPois    .         Spirit   .   (no amulet)
rElec    .         Reflect  .   s - +5 ring of evasion
rCorr    .         Harm     .   (no ring)
MR       .....                  (no ring)
Stlth    +++.......             (no ring)
HPRegen  0.21/turn              (no ring)
MPRegen  0.15/turn              (no ring)
                                (no ring)
                                (no ring)

@: no status effects
A: almost no armour, stealthy swim, amphibious, 8 rings, constrict 8, camouflage
1, gelatinous body 1
a: Triple Draw, Renounce Religion


You were on level 9 of the Dungeon.
You worshipped Nemelex Xobeh.
Nemelex Xobeh was most pleased with you.
You were not hungry.

You visited 1 branch of the dungeon, and saw 9 of its levels.

You collected 375 gold pieces.

Inventory:

Hand Weapons
 a - a +2 whip of flaming
   (You took it off Pikel on level 5 of the Dungeon)
 w - a +0 blowgun
   (You found it on level 2 of the Dungeon)
 L - a +0 whip of venom
   (You took it off an orc priest on level 8 of the Dungeon)
 M - a +0 dagger of flaming
   (You took it off an orc wizard on level 8 of the Dungeon)
Missiles
 q - a throwing net {=f}
 z - 17 poisoned needles
Jewellery
 s - a +5 ring of evasion (left tentacle)
   (You found it on level 4 of the Dungeon)
Wands
 j - a wand of polymorph (11)
   (You took it off Ijyb on level 5 of the Dungeon)
 A - a wand of acid (9)
   (You took it off Pikel on level 5 of the Dungeon)
 C - a wand of clouds (7)
   (You found it on level 2 of the Dungeon)
 D - a wand of digging (18)
   (You found it on level 9 of the Dungeon)
 H - a wand of enslavement (10)
   (You took it off an orc on level 7 of the Dungeon)
Scrolls
 d - a scroll of random uselessness {unknown}
 g - 2 scrolls of enchant weapon
 h - 5 scrolls of amnesia
 i - 5 scrolls of identify
 k - 2 scrolls of enchant armour
 l - a scroll of blinking {!r}
 o - 4 scrolls of remove curse
 t - 2 scrolls of teleportation
 y - a scroll of magic mapping {unknown}
 F - a scroll of summoning
 N - 2 scrolls of fog {unknown}
Potions
 b - 3 potions of heal wounds {unknown}
 c - 4 potions of curing
 e - 3 potions of mutation {!q!q}
 m - 3 potions of agility
 r - a potion of magic
 u - 3 potions of flight
 v - a potion of cancellation
 x - a potion of haste {unknown}
 G - a potion of lignification {unknown}
 I - a potion of might {unknown}
Miscellaneous
 n - a plain deck of destruction {drawn: 7}
   (Nemelex Xobeh gifted it to you on level 4 of the Dungeon)
 p - a plain deck of destruction
   (Nemelex Xobeh gifted it to you on level 3 of the Dungeon)
 B - a plain deck of destruction
   (Nemelex Xobeh gifted it to you on level 6 of the Dungeon)
 E - an ornate deck of escape
   (Nemelex Xobeh gifted it to you on level 7 of the Dungeon)
 J - an ornate deck of summoning
   (Nemelex Xobeh gifted it to you on level 7 of the Dungeon)
 K - a plain deck of destruction
   (Nemelex Xobeh gifted it to you on level 8 of the Dungeon)
Comestibles
 f - 10 rations
 O - a chunk of flesh


   Skills:
 + Level 5.3 Fighting
 - Level 2.0 Dodging
 - Level 2.6 Stealth
 - Level 5.0 Spellcasting
 * Level 8.0 Conjurations
 * Level 8.3 Fire Magic
 + Level 5.3 Invocations


You had 4 spell levels left.
You knew the following spells:

 Your Spells              Type           Power        Failure   Level  Hunger
a - Flame Tongue          Conj/Fire      #####        1%          1    None
b - Throw Flame           Conj/Fire      #####.       1%          2    None
c - Fireball              Conj/Fire      #####.....   11%         5    #####..
d - Sticky Flame          Conj/Fire      #####...     4%          4    ####...
e - Conjure Flame         Conj/Fire      #####...     1%          3    ##.....

Your spell library contained the following spells:

 Spells                   Type           Power        Failure   Level  Hunger
 Magic Dart               Conj           ####         1%          1    None
 Inner Flame              Hex/Fire       ###.....     6%          3    ##.....


Dungeon Overview and Level Annotations

Branches:
Dungeon (9/15)             Temple (0/1) D:6
   Lair: D:8-11         Orc: D:9-12

Altars:
Ashenzari
Dithmenos
Elyvilon
Fedhas
Kikubaaqudgha
Makhleb
Nemelex Xobeh
Sif Muna
Trog
Uskayaw
Vehumet
Wu Jian
Xom
Yredelemnul
Zin
The Shining One

Shops:
D:4 =   D:5 [

Annotations:
D:3 exclusion: Sigmund, Sigmund
D:5 3 runed doors, Napalmbreeze's ghost, novice GrGl; P0WERM0DE's ghost, novice DDFi; strelocc's ghost, amateur MfBe


Innate Abilities, Weirdness & Mutations

You cannot wear most types of armour.
You are very stealthy in the water. (Stealth+)
You are amphibious.
You can wear up to eight rings at the same time.
You can use your tentacles to constrict eight enemies at once.
Your skin changes colour to match your surroundings (Stealth+).
Your rubbery body absorbs attacks. (AC +1, EV +1)


Message History

O - 2 chunks of flesh Eating one of 2 chunks of flesh.
You eat one of the 2 chunks of flesh.
This raw flesh tastes terrible.
You open the door.
There is an open door here.
You open the door.
There is an open door here.
You open the door.
A merfolk comes into view. It is wielding a spear.
Casting: Flame Tongue (safe; 1% risk of failure)
Confirm with . or Enter, or press ? or * to list all spells.
Aiming: Flame Tongue (safe; 1% risk of failure)
Press: ? - help, Shift-Dir - straight line, f - merfolk
Aim: a merfolk, wielding a spear (resting)
The flame tongue hits the merfolk.
The merfolk shouts!
Casting: Flame Tongue (safe; 1% risk of failure)
Confirm with . or Enter, or press ? or * to list all spells.
Aiming: Flame Tongue (safe; 1% risk of failure)
Press: ? - help, Shift-Dir - straight line, f/p - merfolk
Aim: a merfolk, wielding a spear (lightly wounded)
The flame tongue hits the merfolk.
The merfolk appears unharmed.
Casting: Flame Tongue (safe; 1% risk of failure)
Confirm with . or Enter, or press ? or * to list all spells.
Aiming: Throw Flame (safe; 1% risk of failure)
Press: ? - help, Shift-Dir - straight line, f/p - merfolk
Aim: a merfolk, wielding a spear (lightly wounded)
The puff of flame hits the merfolk.
Casting: Throw Flame (safe; 1% risk of failure)
Confirm with . or Enter, or press ? or * to list all spells.
Aiming: Flame Tongue (safe; 1% risk of failure)
Press: ? - help, Shift-Dir - straight line, f/p - merfolk
Aim: a merfolk, wielding a spear (lightly wounded)
The flame tongue hits the merfolk.
The merfolk barely misses you.
Casting: Flame Tongue (safe; 1% risk of failure)
Confirm with . or Enter, or press ? or * to list all spells.
Aiming: Flame Tongue (safe; 1% risk of failure)
Press: ? - help, Shift-Dir - straight line, f/p - merfolk
Aim: a merfolk, wielding a spear (lightly wounded)
The flame tongue hits the merfolk.
The merfolk hits you from afar with a spear!
Casting: Flame Tongue (safe; 1% risk of failure)
Confirm with . or Enter, or press ? or * to list all spells.
Aiming: Flame Tongue (safe; 1% risk of failure)
Press: ? - help, Shift-Dir - straight line, f/p - merfolk
Aim: a merfolk, wielding a spear (moderately wounded)
The flame tongue misses the merfolk.
The merfolk misses you.
Casting: Flame Tongue (safe; 1% risk of failure)
Confirm with . or Enter, or press ? or * to list all spells.
Aiming: Flame Tongue (safe; 1% risk of failure)
Press: ? - help, Shift-Dir - straight line, f/p - merfolk
Aim: a merfolk, wielding a spear (moderately wounded)
The flame tongue hits the merfolk.
The merfolk barely misses you.
Casting: Flame Tongue (safe; 1% risk of failure)
Confirm with . or Enter, or press ? or * to list all spells.
Aiming: Flame Tongue (safe; 1% risk of failure)
Press: ? - help, Shift-Dir - straight line, f/p - merfolk
Aim: a merfolk, wielding a spear (moderately wounded)
The flame tongue hits the merfolk.
The merfolk hits you from afar with a spear.
Casting: Flame Tongue (safe; 1% risk of failure)
Confirm with . or Enter, or press ? or * to list all spells.
Aiming: Flame Tongue (safe; 1% risk of failure)
Press: ? - help, Shift-Dir - straight line, f/p - merfolk
Aim: a merfolk, wielding a spear (heavily wounded)
The flame tongue hits the merfolk.
The merfolk hits you but does no damage.
Casting: Flame Tongue (safe; 1% risk of failure)
Confirm with . or Enter, or press ? or * to list all spells.
Aiming: Flame Tongue (safe; 1% risk of failure)
Press: ? - help, Shift-Dir - straight line, f/p - merfolk
Aim: a merfolk, wielding a spear (heavily wounded)
The flame tongue hits the merfolk.
The merfolk hits you from afar with a spear.
Casting: Flame Tongue (safe; 1% risk of failure)
Confirm with . or Enter, or press ? or * to list all spells.
Aiming: Flame Tongue (safe; 1% risk of failure)
Press: ? - help, Shift-Dir - straight line, f/p - merfolk
Aim: a merfolk, wielding a spear (severely wounded)
The flame tongue hits the merfolk.
The merfolk hits you from afar with a spear!
Casting: Flame Tongue (safe; 1% risk of failure)
Confirm with . or Enter, or press ? or * to list all spells.
Aiming: Flame Tongue (safe; 1% risk of failure)
Press: ? - help, Shift-Dir - straight line, f/p - merfolk
Aim: a merfolk, wielding a spear (severely wounded)
The flame tongue hits the merfolk.
The merfolk hits you from afar with a spear!
A bullfrog comes into view.
The bullfrog croaks.
The bullfrog barely misses you.
You found an alarm trap!
The bullfrog barely misses you. The bullfrog misses you. The bullfrog hits you!
The bullfrog hits you.
* * * LOW HITPOINT WARNING * * *
The merfolk hits you from afar with a spear!
* * * LOW HITPOINT WARNING * * *
The bullfrog hits you.
You die...
Your body glows with a rainbow of weird colours and disappears.

##.........#.....'..#....#.....
#.........#..####..#....#.....
#.........##'##....# #.....
#.........#†.≈#....# #+####
#........###.≈#....# #........#
(.≈#....# ........# %.≈#m.^.#
######..### #...@F..# #.......#
###.....# #.....# #.......
#........ #..####### #..#


You could see a bullfrog.

Vanquished Creatures
  Pikel (D:5)
  Psyche (D:8)
  2 hippogriffs (D:7)
  A water moccasin (D:7)
  2 orc warriors
  An ice beast (D:7)
  3 ogres
  A phantom (D:6)
  2 centaurs
  3 bullfrogs
  A scorpion (D:5)
  5 killer bees (D:6)
  4 wights (D:6)
  2 howler monkeys (D:4)
  3 crimson imps
  2 jellies
  4 orc priests
  3 hounds
  3 orc wizards
  2 iguanas
  Ijyb (D:5)
  3 worker ants
  A killer bee zombie (D:8)
  2 worker ant zombies (D:6)
  9 adders
  7 gnolls
  A shadow imp (D:8)
  4 oozes
  2 adder skeletons
  4 worms
  A dart slug (D:2)
  3 leopard geckos
  24 orcs
  7 bats
  5 giant cockroaches
  7 goblins
  4 hobgoblins
  11 jackals
  A quokka (D:5)
  4 ball pythons
  7 frilled lizards
  A giant cockroach zombie (D:5)
  2 kobolds
  A leopard gecko zombie (D:6)
  2 quokka zombies
  10 rats
170 creatures vanquished.

Vanquished Creatures (collateral kills)
  Menkaure (D:6)
  Blork the orc (D:6)
  A wight (D:6)
  A jelly (D:9)
4 creatures vanquished.

Vanquished Creatures (others)
  3 slaves (D:6)
  A killer bee (D:6)
  A hound (D:6)
  4 withered plants (D:5)
9 creatures vanquished.

Grand Total: 183 creatures vanquished

Notes
Turn   | Place    | Note
-------+----------+-------------------------------------------
     0 | D:1      | RKaid the Octopode Fire Elementalist began the quest for
                  | the Orb.
     0 | D:1      | Reached XP level 1. HP: 11/11 MP: 3/3
   195 | D:1      | Reached XP level 2. HP: 17/17 MP: 0/5
   380 | D:1      | Learned a level 2 spell: Throw Flame
   735 | D:1      | Reached XP level 3. HP: 21/22 MP: 0/6
  1100 | D:2      | Reached skill level 2 in Conjurations
  1454 | D:2      | Reached skill level 1 in Fighting
  1454 | D:2      | Reached XP level 4. HP: 26/28 MP: 2/7
  1824 | D:2      | Learned a level 3 spell: Conjure Flame
  2330 | D:3      | Noticed Sigmund
  2405 | D:3      | Reached XP level 5. HP: 22/33 MP: 2/9
  2507 | D:3      | Reached skill level 4 in Fire Magic
  2986 | D:3      | Found a sparkling altar of Nemelex Xobeh.
  2995 | D:3      | Reached skill level 3 in Conjurations
  3068 | D:3      | Became a worshipper of Nemelex Xobeh the Trickster
  3145 | D:3      | Received a gift from Nemelex Xobeh
  3748 | D:4      | Found a shimmering altar of Xom.
  3750 | D:4      | Noticed an angel
  3753 | D:4      | Found a glowing silver altar of Zin.
  3889 | D:3      | HP: 8/34 [poisoned by a worker ant]
  3895 | D:3      | HP: 5/34 [poisoned by a worker ant]
  3900 | D:3      | HP: 3/34 [poisoned by a worker ant]
  3907 | D:3      | HP: 2/34 [poisoned by a worker ant]
  4091 | D:4      | Reached XP level 6. HP: 39/39 MP: 3/10
  4169 | D:4      | Received a gift from Nemelex Xobeh
  4324 | D:4      | Reached skill level 3 in Spellcasting
  4324 | D:4      | Reached skill level 1 in Invocations
  4468 | D:4      | Reached * piety under Nemelex Xobeh
  4610 | D:4      | Found a shadowy altar of Dithmenos.
  4613 | D:4      | Found a basalt altar of Yredelemnul.
  4616 | D:4      | Found a blossoming altar of Fedhas.
  4620 | D:4      | Found a shattered altar of Ashenzari.
  4650 | D:4      | Reached skill level 2 in Fighting
  4892 | D:4      | Found Zahiwo Peyts's Jewellery Shop.
  4918 | D:4      | Found a white marble altar of Elyvilon.
  5075 | D:5      | Entered Level 5 of the Dungeon
  5084 | D:5      | Learned a level 4 spell: Sticky Flame
  5201 | D:5      | Found Bimm's Armour Shoppe.
  5230 | D:5      | Noticed Ijyb
  5333 | D:5      | Reached skill level 4 in Conjurations
  5333 | D:5      | Reached XP level 7. HP: 45/45 MP: 5/11
  5423 | D:5      | Noticed P0WERM0DE's ghost (novice DDFi)
  5424 | D:5      | Found a runed gate.
  5424 | D:5      | Found a runed gate.
  5425 | D:5      | Noticed strelocc's ghost (amateur MfBe)
  5425 | D:5      | Noticed Napalmbreeze's ghost (novice GrGl)
  5427 | D:5      | Found a runed gate.
  5589 | D:5      | Reached skill level 5 in Fire Magic
  5842 | D:5      | Found a bloodstained altar of Trog.
  5975 | D:5      | Reached skill level 2 in Invocations
  6340 | D:6      | Noticed Pikel
  6362 | D:5      | HP: 10/45 [Pikel/whip of flaming (4)]
  6363 | D:5      | Killed Pikel
  6363 | D:5      | Reached skill level 3 in Fighting
  6363 | D:5      | Reached skill level 5 in Conjurations
  6363 | D:5      | Reached skill level 3 in Invocations
  6363 | D:5      | Reached XP level 8. HP: 9/52 MP: 3/13
  6624 | D:5      | Killed Ijyb
  6624 | D:5      | Reached skill level 4 in Spellcasting
  6624 | D:5      | Reached skill level 6 in Fire Magic
  7425 | D:6      | Found a staircase to the Ecumenical Temple.
  7818 | D:6      | Reached skill level 6 in Conjurations
  7910 | D:6      | Reached XP level 9. HP: 58/58 MP: 11/15
  7925 | D:6      | Reached skill level 4 in Fighting
  8146 | D:6      | Noticed Blork the orc
  8152 | D:6      | Killed Blork the orc
  8160 | D:6      | Noticed Menkaure
  8167 | D:6      | Killed Menkaure
  8181 | D:6      | Reached skill level 4 in Invocations
  8231 | D:6      | Reached skill level 7 in Fire Magic
  8309 | D:6      | Learned a level 5 spell: Fireball
  8369 | D:6      | Received a gift from Nemelex Xobeh
  9081 | D:7      | Found a glowing golden altar of the Shining One.
  9084 | D:7      | Reached ** piety under Nemelex Xobeh
  9098 | D:7      | Reached skill level 7 in Conjurations
  9344 | D:7      | Received a gift from Nemelex Xobeh
  9357 | D:7      | Reached skill level 5 in Spellcasting
  9881 | D:7      | Received a gift from Nemelex Xobeh
 10270 | D:8      | Reached *** piety under Nemelex Xobeh
 10301 | D:8      | Reached skill level 5 in Fighting
 10774 | D:8      | Reached skill level 8 in Fire Magic
 10774 | D:8      | Reached skill level 5 in Invocations
 10814 | D:8      | Found a burning altar of Makhleb.
 10816 | D:8      | Found an ornate altar of the Wu Jian Council.
 10818 | D:8      | Found a hide-covered altar of Uskayaw.
 10834 | D:8      | Reached XP level 10. HP: 66/66 MP: 12/17
 11218 | D:8      | Found a radiant altar of Vehumet.
 11220 | D:8      | Identified Vehumet's Guide on Arcane Weapons
 11223 | D:8      | Found an ancient bone altar of Kikubaaqudgha.
 11224 | D:8      | Found a deep blue altar of Sif Muna.
 11526 | D:8      | Noticed Psyche
 11546 | D:8      | Killed Psyche
 11546 | D:8      | Reached skill level 8 in Conjurations
 11706 | D:8      | Received a gift from Nemelex Xobeh
 11919 | D:9      | of course when you play octopode you find a casual fire
                  | dragon scales on D:9
 12011 | D:9      | HP: 16/66 [bullfrog (5)]
 12011 | D:9      | HP: 1/66 [merfolk/spear (15)]
 12012 | D:9      | Slain by a bullfrog

Vault maps used:
D:1:      lightli_arrival_chessboard
D:3:      old_standard_altar, hangedman_abyss_or_decor_stabs, uniq_sigmund
D:4:      grunt_temple_overflow_order_and_chaos_1, elyvilon_altar_3,
          grunt_temple_overflow_cloverleaf, serial_shops, shop, first_ration
D:5:      lightli_temple_of_fire, gammafunk_ghost_cemetery, serial_shops, shop,
          uniq_ijyb
D:6:      temple_doors_e, grunt_ministairs_15, uniq_menkaure, uniq_pikel,
          uniq_blork_the_orc
D:7:      nicolae_tso_carved_into_rock, bh_walls_and_bars
D:8:      grunt_temple_overflow_magic_moments, grunt_temple_overflow_open,
          uniq_psyche
D:9:      kennysheep_six_static_rooms, hangedman_fish_farm

Skill      XL: |  1  2  3  4  5  6  7  8  9 10 |
---------------+-------------------------------+-----
Conjurations   | 2 3 4 5 6 7 8 |  8.0
Fighting       | 1 2 3 5 |  5.3
Fire Magic     | 4 5 6 8 |  8.3
Spellcasting   | 3 4 5 |  5.0
Invocations    | 1 3 5 |  5.3
Dodging        | |  2.0
Stealth        | |  2.6

Action                   |  1- 3 |  4- 6 |  7- 9 | 10-12 || total
-------------------------+-------+-------+-------+-------++-------
Melee: Unarmed           |    14 |    25 |    40 |     3 ||    82
       Constrict         |     8 |    12 |     8 |     1 ||    29
       Tentacles         |     2 |     5 |     7 |       ||    14
 Cast: Flame Tongue      |    57 |   114 |   172 |    45 ||   388
       Throw Flame       |       |    22 |    20 |     3 ||    45
       Conjure Flame     |       |       |     3 |       ||     3
       Sticky Flame      |       |       |     4 |     2 ||     6
       Fireball          |       |       |       |     1 ||     1
Evoke: Deck              |       |     1 |     6 |       ||     7
  Use: Scroll            |       |    11 |     3 |     1 ||    15
       Potion            |       |     1 |       |       ||     1
 Stab: Sleeping          |       |     1 |     1 |     1 ||     3
  Eat: Chunk             |     2 |    13 |     9 |     3 ||    27
       Ration            |       |       |     3 |       ||     3
Armor: Skin              |     3 |     2 |     3 |       ||     8
Dodge: Dodged            |    24 |    41 |   109 |    11 ||   185

Table legend:
 A = Non-vault XP
 B = Vault XP
 C = Vault XP percentage of total XP
 D = Non-vault monster count
 E = Vault monster count
 F = Vault count percentage of total count
                 A         B        C        D         E       F
            +---------+---------+-------+---------+---------+-------
      Total |    4069 |    1300 |  24.2 |     168 |       6 |   3.4
            +---------+---------+-------+---------+---------+-------
        D:1 |      34 |       0 |   0.0 |      18 |       0 |   0.0
        D:2 |      78 |       0 |   0.0 |      24 |       0 |   0.0
        D:3 |     143 |       0 |   0.0 |      28 |       0 |   0.0
        D:4 |     298 |       0 |   0.0 |      22 |       0 |   0.0
        D:5 |     430 |     665 |  60.7 |      12 |       2 |  14.3
        D:6 |    1144 |     217 |  15.9 |      24 |       3 |  11.1
        D:7 |    1479 |       0 |   0.0 |      19 |       0 |   0.0
        D:8 |     413 |     418 |  50.3 |      15 |       1 |   6.2
        D:9 |      50 |       0 |   0.0 |       6 |       0 |   0.0
            +---------+---------+-------+---------+---------+-------

Table legend:
 A = Turns spent in this place as a percentage of turns spent in the entire game.
 B = Non-inter-level travel turns spent in this place as a percentage of non-inter-level travel turns spent in the entire game.
 C = Inter-level travel turns spent in this place as a percentage of turns spent in this place.
 D = Turns resting spent in this place as a percentage of non-inter-level travel turns spent in this place.
 E = Turns spent auto-exploring this place as a percentage of non-inter-level travel turns spent in this place.
 F = Non-inter-level travel turns spent in this place divided by the number of levels of this place that you've seen.
                   A       B       C       D       E      F
               +-------+-------+-------+-------+-------+----------------------
         Total | 100.0 | 100.0 |   7.5 |  44.5 |  37.4 | 1235.1
       Dungeon | 100.0 | 100.0 |   7.5 |  44.5 |  37.4 | 1235.1
               +-------+-------+-------+-------+-------+----------------------

Table legend:
 A = Kills in this place as a percentage of kills in entire the game.
 B = Kills by you in this place as a percentage of kills by you in the entire game.
 C = Kills by friends in this place as a percentage of kills by friends in the entire game.
 D = Other kills in this place as a percentage of other kills in the entire game.
 E = Experience gained in this place as a percentage of experience gained in the entire game.
 F = Experience gained in this place divided by the number of levels of this place that you have seen.
                   A       B       C       D       E      F
               +-------+-------+-------+-------+-------+----------------------
         Total | 100.0 | 100.0 | 100.0 |   N/A | 100.0 | 596.6
       Dungeon | 100.0 | 100.0 | 100.0 |   N/A | 100.0 | 596.6
               +-------+-------+-------+-------+-------+----------------------
